Map: Cyber Forest LE

Players

MaNa

  • Race: Protoss Protoss
  • Spawn Location: 5:00

Snute - Winner!

  • Race: Zerg Zerg
  • Spawn Location: 11:00

Event: IEM Season 13: Katowice (2019)

VOD

Have the link to the VOD?

Description

Time

  • Played on: Feb. 25, 2019, 6:02 a.m.
  • Length: 4:28

All games in this series

Show
View Real Time Build Order
Export as new Build Order

MaNa Protoss 

Build Orders: Nexus First 

Get SALT Encoding   

  12  0:00  Probe  
  13  0:12  Probe  
  14  0:18  Pylon  
  14  0:24  Probe  
  15  0:32  Probe  
  15  0:40  Probe  
  17  1:00  Nexus  
  17  1:10  Gateway  
  17  1:12  Probe  
  18  1:19  Assimilator  
  18  1:20  Probe  
  19  1:28  Probe, Assimilator  
  19  1:38  Pylon  
  20  1:43  Probe  
  21  1:53  Probe  
  21  1:57  Cybernetics Core  
  22  2:02  Probe  
  23  2:10  Probe  
  23  2:12  Probe  
  25  2:21  Probe  
  26  2:23  Stalker  
  26  2:24  Probe  
  27  2:33  Probe  
  27  2:36  Probe  
  31  2:39  Robotics Facility  
  31  2:44  Warp Gate  
  31  2:46  Probe  
  31  2:48  Probe  
  33  2:53  Sentry  
  33  2:54  Gateway  
  33  2:58  Probe  
  36  3:00  Probe  
  36  3:05  Assimilator  
  37  3:10  Probe  
  39  3:12  Probe  
  39  3:19  Warp Prism  
  37  3:22  Probe  
  37  3:23  Adept  
  37  3:25  Probe  
  43  3:34  Probe  
  43  3:37  Shield Battery  
  44  3:43  Pylon  
  44  3:46  Probe x2  
  46  3:52  Pylon  
Show
View Real Time Build Order
Export as new Build Order

Snute Zerg - Winner!

Build Orders: Hatch First, Zergling Baneling 

Get SALT Encoding   

  12  0:00  Drone  
  13  0:12  Overlord  
  13  0:16  Drone  
  14  0:30  Drone x2  
  16  0:49  Drone  
  17  0:55  Drone  
  17  0:56  Hatchery  
  17  0:58  Drone  
  17  1:03  Extractor  
  17  1:06  Drone  
  18  1:18  Spawning Pool  
  17  1:21  Drone  
  18  1:27  Drone  
  19  1:38  Overlord  
  19  1:49  Drone  
  20  2:05  Queen  
  20  2:06  Metabolic Boost  
  20  2:07  Zergling x2  
  23  2:09  Queen  
  23  2:10  Zergling x2  
  23  2:12  Zergling x2  
  27  2:22  Drone x2  
  29  2:30  Drone  
  30  2:38  Zergling x2  
  30  2:41  Baneling Nest  
  30  2:43  Drone  
  31  2:47  Overlord  
  31  2:51  Zergling x2  
  31  2:56  Zergling x2  
  33  3:02  Overlord  
  33  3:04  Zergling x2  
  34  3:15  Zergling x4  
  35  3:20  Zergling x4  
  35  3:21  Zergling x8  
  40  3:28  Zergling x2  
  40  3:33  Zergling x2  
  42  3:37  Zergling x2  
  42  3:44  Baneling x7  
  42  3:46  Zergling x2  
  42  3:47  Baneling  
  43  3:50  Overlord  
  43  3:57  Baneling  
  43  4:08  Zergling x2  
  43  4:09  Zergling x10  

Tags
 
Add a new tag
Caveats
  • Supply blocks, unpowered buildings, or Contaminate may cause inaccurate times.
  • Supply counts are checked every 10 seconds.